 Dungeon Crawl Stone Soup version 0.32-a0-571-gec57dfcd37 (webtiles) character file.

Game seed: 10694616219918429793

5653 cforsyth the Scholar of Death (level 10, -2/74 HPs)
             Began as a Mountain Dwarf Necromancer on Feb 29, 2024.
             Was a Follower of Kikubaaqudgha.
             Slain by a killer bee (8 damage)
             ... on level 10 of the Dungeon on Mar 1, 2024.
             The game lasted 00:26:59 (11569 turns).

cforsyth the Scholar of Death (MDNe)               Turns: 11569, Time: 00:27:02

Health: -2/74      AC: 12    Str: 13    XL:     10   Next: 46%
Magic:  19/21      EV:  3    Int: 18    God:    Kikubaaqudgha [*.....]
Gold:   508        SH:  0    Dex: 10    Spells: 7/12 levels left

rFire   . . .        h - +0 war axe
rCold   . . .        (no shield)
rNeg    . . .        f - +0 plate armour
rPois   .            I - +2 hat
rElec   .            (no cloak)
rCorr   .            (no gloves)
SInv    .            (no boots)
Will    +....        H - amulet of regeneration Stlth
                     M - ring of magical power
HPRegen 1.12/turn    (no ring)
MPRegen 0.17/turn

%: no passive effects
@: mighty, lethally poisoned (-2 -> -4), animating dead, hasted, very quick
A: runic magic, artefact enchanting
a: Renounce Religion, Unearth Wretches


You were on level 10 of the Dungeon.
You worshipped Kikubaaqudgha.
Kikubaaqudgha was aware of your devotion.
You visited 2 branches of the dungeon, and saw 11 of its levels.
You also visited: Sewer.

You collected 508 gold pieces.


Innate Abilities, Weirdness & Mutations

Your spellcasting is much less encumbered by armour.
You can use scrolls of enchantment on lesser artefacts.


   Skills:
 - Level 2.6 Fighting
 - Level 11.4 Axes
 - Level 1.3 Dodging
 - Level 1.4 Stealth
 - Level 1.7 Spellcasting
 + Level 13.8 Necromancy


You had 7 spell levels left.
You knew the following spells:

 Your Spells              Type           Power      Damage    Failure   Level
a - Animate Dead          Necr           50%        N/A       2%          4
X - Necrotise             Necr           100%       1d9       1%          1

Your spell library contained the following spells:

 Spells                   Type           Power      Damage    Failure   Level
 Fugue of the Fallen      Necr           50%        N/A       1%          3
 Vampiric Draining        Necr           50%        2d9       1%          3
 Dispel Undead            Necr           50%        3d19      2%          4
 Kiss of Death            Conj/Necr      100%       2d13      4%          1
 Curse of Agony           Necr           50%        N/A       6%          5
 Foxfire                  Conj/Fire      4%         2x1d4     56%         1
 Blink                    Tloc           2%         N/A       71%         2
 Jinxbite                 Hex            2%         N/A       71%         2
 Mercury Vapours          Alch/Air       2%         N/A       71%         2
 Confusing Touch          Hex            1%         N/A       90%         3
 Plasma Beam              Fire/Air       0%         2x1d10    100%        6
 Starburst                Conj/Fire      0%         6d3       100%        6

Inventory:

Hand Weapons
 h - a +0 war axe (weapon)
 o - a +0 hand axe of venom
Missiles
 v - 2 throwing nets {=f}
Armour
 f - a +0 plate armour (worn)
 l - a +0 helmet
 I - a +2 hat (worn)
Jewellery
 u - an amulet of magic regeneration
 H - an amulet of regeneration (around neck)
 M - a ring of magical power (left hand)
Wands
 e - a wand of polymorph (4)
 A - a wand of paralysis (15)
 E - a wand of digging (4)
Scrolls
 a - a scroll of torment {unknown}
 d - 2 scrolls of vulnerability
 j - 3 scrolls of fog
 q - a scroll of revelation
 r - a scroll of enchant armour {unknown}
 t - 3 scrolls of teleportation {@r2}
 y - a scroll of poison
 z - a scroll of blinking
 B - a scroll of brand weapon
 C - 2 scrolls of immolation
 D - a scroll of noise
 G - a scroll of enchant weapon {unknown}
Potions
 b - 2 potions of magic
 c - 6 potions of attraction
 g - a potion of lignification {unknown}
 i - a potion of haste {@q3}
 k - 4 potions of curing {@q1}
 m - a potion of invisibility {unknown}
 n - 4 potions of brilliance
 p - 2 potions of might
 s - 2 potions of resistance
 w - a potion of berserk rage {unknown}
 x - a potion of enlightenment {unknown}

Dungeon Overview and Level Annotations

Branches:
Dungeon (10/15)            Temple (1/1) D:6            Lair (0/5) D:10
  Sewer (visited)
    Orc: D:9-12

Altars:
Ashenzari
Cheibriados
Dithmenos
Elyvilon
Fedhas
Gozag
Hepliaklqana
Kikubaaqudgha
Makhleb
Nemelex Xobeh
Okawaru
Qazlal
Ru
Sif Muna
Trog
Uskayaw
Vehumet
Wu Jian
Xom
Yredelemnul
Zin
The Shining One

***,,,..............#,,,,,
***##.######..###$.,,**,
#..#####<..###..,*,,,
#H######.#.#....,,,*,
###.######.#...##.,,**,
#.........?#..#...,,**,
#.....ZW........#.*,**,
#.....yy....$..##.,,,,,
#....<@y..##..####**,,,
#................# **,*
#..(..........,,,* *,,
#.............,,,* ***
#.............,,,*
##...##.......,,,****
***..##**.##...#**,,,,**
*,...,,,,.#*#..#*****,,**
*,,,,******,,,,,* **,,,


You could see a manticore, a wraith (ally target), 3 killer bees and a friendly
howler monkey zombie (slow).


Message History

* * * LOW HITPOINT WARNING * * *
The killer bee completely misses you.
The killer bee stings you but does no damage. x2
Your howler monkey zombie hits the wraith but does no damage.
Unknown command.
Unknown command.
Unknown command.
Unknown command.
Unknown command.
You feel yourself speed up.
The killer bee stings you but does no damage. x2
The killer bee stings you.
* * * LOW HITPOINT WARNING * * *
A manticore comes into view.
The wraith hits your howler monkey zombie!
The wraith drains your howler monkey zombie's vigour!
Your howler monkey zombie seems to slow down.
The killer bee stings you but does no damage. x2
The killer bee stings you.
* * * LOW HITPOINT WARNING * * *
You are poisoned.
The killer bee poisons you!
Unknown command.
It was a potion of might.
You feel very mighty all of a sudden.
You feel sick.
The killer bee stings you but does no damage.
The killer bee stings you!
You die...
Kikubaaqudgha rasps: You have failed me!
Welcome... death!

Skill      XL: |  1  2  3  4  5  6  7  8  9 10 |
---------------+-------------------------------+-----
Fighting       | 1 2 |  2.6
Necromancy     | 5 6 7 8 10 12 13 | 13.8
Axes           | 2 3 5 7 9 11 | 11.4
Dodging        | |  1.3
Stealth        | |  1.4
Spellcasting   | |  1.7

Action                     |  1- 3 |  4- 6 |  7- 9 | 10-12 || total
---------------------------+-------+-------+-------+-------++-------
  Melee: Unarmed           |    25 |       |       |       ||    25
         Hand axe          |     8 |   121 |   401 |    34 ||   564
         War axe           |       |       |       |    60 ||    60
   Cast: Necrotise         |    73 |    82 |    90 |       ||   245
         Animate Dead      |       |       |     3 |     4 ||     7
  Evoke: Wand              |       |     1 |     4 |       ||     5
    Use: Scroll            |       |     8 |     7 |     5 ||    20
         Potion            |       |       |     1 |     3 ||     4
   Stab: Paralysed         |       |     5 |     5 |       ||    10
 Armour: Plate armour      |    47 |   153 |   474 |   144 ||   818
         Robe              |     9 |     3 |       |       ||    12
  Dodge: Dodged            |    17 |    14 |    69 |    26 ||   126

Levels and vault maps discovered:
D:1:      elethiomel_arrival_quiet, layout_loops_ring,
          shapermc_ecumenical_altar_mp_vishouse, patterned_corridor
D:2:      layout_basic
D:3:      layout_loops_ring, nicolae_gozag_seed_capital, portal_sewer_entry_d
D:4:      layout_loops_ring, uniq_natasha
D:5:      layout_loops_corners, uniq_grinder
D:6:      layout_loops_ring, minmay_temple_entry_from_below_a
D:7:      layout_basic, serial_bayou, serial_bayou_shore_b,
          serial_bayou_shore_b, serial_bayou_pond_d, serial_bayou_pond_d
D:8:      layout_loops_ring, gammafunk_temple_overflow_claw,
          mainiacjoe_overflow_two_lobes, grunt_ministairs_1, uniq_gastronok
D:9:      layout_long_grid
D:10:     layout_rooms, lair_entry_dummy, minmay_misc_feat_diagonals
Temple:   eino_temple_rhombus

Notes
Turn   | Place    | Note
-------+----------+-------------------------------------------
     0 | D:1      | cforsyth the Mountain Dwarf Necromancer began the quest for
                  | the Orb.
     0 | D:1      | Reached XP level 1. HP: 14/14 MP: 3/3
   176 | D:1      | Reached skill level 1 in Fighting
   333 | D:1      | Found a faded altar of an unknown god.
   379 | D:1      | Reached XP level 2. HP: 12/23 MP: 0/4
   980 | D:1      | Reached skill level 5 in Necromancy
  1023 | D:1      | Reached skill level 2 in Fighting
  1023 | D:1      | Reached XP level 3. HP: 29/29 MP: 3/5
  2228 | D:2      | Reached XP level 4. HP: 37/37 MP: 3/6
  2349 | D:3      | Found an opulent altar of Gozag.
  2421 | D:3      | Reached skill level 1 in Axes
  2598 | D:3      | Found a glowing drain.
  2632 | Sewer    | Entered a sewer
  2752 | Sewer    | Reached skill level 2 in Axes
  2758 | Sewer    | Reached XP level 5. HP: 41/42 MP: 1/7
  2881 | Sewer    | Reached skill level 3 in Axes
  2881 | Sewer    | Reached skill level 6 in Necromancy
  3042 | Sewer    | Reached XP level 6. HP: 36/50 MP: 3/8
  3256 | D:3      | Reached skill level 4 in Axes
  4455 | D:4      | Noticed Natasha
  4463 | D:4      | Killed Natasha
  4524 | D:4      | Noticed Natasha
  4529 | D:4      | Killed Natasha
  4530 | D:4      | Reached skill level 7 in Necromancy
  4805 | D:5      | Entered Level 5 of the Dungeon
  4872 | D:5      | Reached skill level 5 in Axes
  4872 | D:5      | Reached XP level 7. HP: 56/56 MP: 9/9
  5334 | D:5      | Noticed Grinder
  5398 | D:5      | Paralysed by Grinder for 2 turns
  5503 | D:5      | Paralysed by Grinder for 2 turns
  5512 | D:5      | Paralysed by Grinder for 5 turns
  5607 | D:4      | Noticed Natasha
  5610 | D:4      | Killed Natasha
  5703 | D:5      | Killed Grinder
  5704 | D:5      | Reached skill level 6 in Axes
  5704 | D:5      | Reached skill level 8 in Necromancy
  6102 | D:5      | Reached skill level 7 in Axes
  6102 | D:5      | Reached XP level 8. HP: 35/62 MP: 10/10
  6865 | D:6      | Reached skill level 9 in Necromancy
  6973 | D:6      | Reached skill level 8 in Axes
  7127 | D:6      | Found a staircase to the Ecumenical Temple.
  7615 | D:7      | Reached skill level 9 in Axes
  7615 | D:7      | Reached skill level 10 in Necromancy
  7822 | D:7      | Reached XP level 9. HP: 62/68 MP: 9/11
  8542 | Temple   | Entered the Ecumenical Temple
  8558 | Temple   | Became a worshipper of Kikubaaqudgha
  8694 | D:7      | HP: 2/54 [wight/+2 short sword (7)]
  9045 | D:8      | Reached skill level 10 in Axes
  9325 | D:8      | Paralysed by a hornet for 2 turns
  9434 | D:8      | Paralysed by a hornet for 2 turns
  9443 | D:8      | Reached skill level 11 in Necromancy
  9507 | D:8      | Identified 2 potions of resistance
  9513 | D:8      | Learned a level 4 spell: Animate Dead
  9624 | D:8      | Reached skill level 11 in Axes
  9816 | D:8      | Found an ornate altar of the Wu Jian Council.
  9816 | D:8      | Found a white marble altar of Elyvilon.
  9817 | D:8      | Found a stormy altar of Qazlal.
  9852 | D:8      | Reached * piety under Kikubaaqudgha
  9852 | D:8      | Received a gift from Kikubaaqudgha
  9962 | D:8      | Found a hide-covered altar of Uskayaw.
 10015 | D:8      | Found a basalt altar of Yredelemnul.
 10016 | D:8      | Noticed Gastronok
 10039 | D:8      | Killed Gastronok
 10040 | D:8      | Reached skill level 12 in Necromancy
 10040 | D:8      | Reached XP level 10. HP: 71/74 MP: 12/12
 10223 | D:8      | Reached skill level 13 in Necromancy
 10611 | D:9      | Got Hout's Keys to Occultism
 10663 | D:9      | HP: 5/74 [something (31)]
 11522 | D:10     | Entered Level 10 of the Dungeon
 11568 | D:10     | Noticed a manticore
 11568 | D:10     | HP: 7/74 [killer bee (3)]
 11569 | D:10     | Slain by a killer bee

Vanquished Creatures
  A hornet (D:8)
  Grinder (D:5)
  A shadow (D:9)
  5 yaks (D:8)
  2 wyverns
  3 steam dragons
  An ice beast (D:5)
  An orc warrior (D:6)
  An ogre (D:5)
  2 centaurs
  5 kobold brigands
  2 bullfrogs
  2 scorpions (D:6)
  5 wights (D:7)
  3 killer bees
  2 howler monkeys
  An electric eel (D:7)
  4 jellies
  2 bombardier beetles
  A hound (D:6)
  A gnoll bouda (D:6)
  A sleepcap (D:7)
  3 iguanas
  Natasha (thrice) (D:4)
  6 orc wizards
  12 gnolls
  A river rat (Sewer)
  8 adders
  A shadow imp (D:5)
  A white imp (D:6)
  2 ufetubi (D:6)
  3 ribbon worms
  17 orcs
  5 bats
  4 endoplasms
  3 giant cockroaches (D:1)
  7 hobgoblins
  5 jackals
  2 quokkas (D:1)
  6 ball pythons
  2 frilled lizards
  9 goblins
  36 kobolds
  10 rats
193 creatures vanquished.

Vanquished Creatures (collateral kills)
  Gastronok (D:8)
  A centaur (D:9)
  A kobold brigand (D:8)
  A killer bee (D:9)
  A hobgoblin (D:1)
  A kobold (D:8)
  2 rats
8 creatures vanquished.

Vanquished Creatures (others)
  3 yak zombies (D:8)
  2 killer bee zombies (D:9)
  A jelly zombie (D:8)
  2 kobold zombies (D:8)
8 creatures vanquished.

Grand Total: 209 creatures vanquished

Table legend: (Time is in decaauts)
 A = Elapsed time spent in this place.
 B = Non-inter-level travel time spent in this place.
 C = Inter-level travel time spent in this place.
 D = Time resting spent in this place.
 E = Time spent auto-exploring this place.
 F = Levels seen in this place.
 G = Mean time per level.
                   A        B        C        D        E       F      G
               +--------+--------+--------+--------+--------+-----+--------+
         Total |  11657 |  11174 |    483 |    966 |   7368 |  12 |  971.4 |
       Dungeon |  10969 |  10517 |    452 |    944 |   6993 |  10 | 1096.9 |
        Temple |     32 |      1 |     31 |      0 |      0 |   1 |   32.0 |
         Sewer |    654 |    654 |      0 |     22 |    374 |   1 |  654.0 |
               +--------+--------+--------+--------+--------+-----+--------+

Top non-repeatable levels by time:
     D:8: 1536 daAuts
     D:7: 1525 daAuts
     D:1: 1453 daAuts
     D:5: 1358 daAuts
     D:4: 1295 daAuts
     D:6: 1234 daAuts
     D:3: 902 daAuts
     D:2: 899 daAuts
     D:9: 742 daAuts
   Sewer: 654 daAuts
  Temple: 32 daAuts
    D:10: 21 daAuts

Table legend:
 A = Non-vault XP
 B = Vault XP
 C = Vault XP percentage of total XP
 D = Non-vault monster count
 E = Vault monster count
 F = Vault count percentage of total count
                 A         B        C        D         E       F
            +---------+---------+-------+---------+---------+-------
      Total |    5804 |    2273 |  28.1 |     173 |      28 |  13.9
            +---------+---------+-------+---------+---------+-------
        D:1 |      45 |       0 |   0.0 |      28 |       0 |   0.0
        D:2 |      52 |       0 |   0.0 |      11 |       0 |   0.0
        D:3 |     130 |      13 |   9.1 |      19 |       1 |   5.0
        D:4 |     136 |      36 |  20.9 |      21 |       1 |   4.5
        D:5 |     516 |     277 |  34.9 |      15 |       1 |   6.2
        D:6 |     631 |       0 |   0.0 |      17 |       0 |   0.0
        D:7 |    1305 |       0 |   0.0 |      30 |       0 |   0.0
        D:8 |    1937 |    1673 |  46.3 |      23 |       9 |  28.1
        D:9 |     998 |       0 |   0.0 |       8 |       0 |   0.0
       D:10 |      54 |       0 |   0.0 |       1 |       0 |   0.0
      Sewer |       0 |     274 | 100.0 |       0 |      16 | 100.0
            +---------+---------+-------+---------+---------+-------
